 Dungeon Crawl Stone Soup version 0.31-a0-7-g51783674b7 (webtiles) character file.

Game seed: 1533106397439019499

35110 Lobster4 the Fighter (level 13, -5/137 HPs)
             Began as an Ogre Gladiator on May 6, 2023.
             Was a Believer of Uskayaw.
             Slain by a cane toad (11 damage)
             ... on level 4 of the Lair of Beasts.
             The game lasted 01:00:34 (19197 turns).

Lobster4 the Fighter (Ogre Gladiator)              Turns: 19197, Time: 01:00:35

Health: -5/137     AC: 20    Str: 26    XL:     13   Next: 81%
Magic:  24/24      EV: 12    Int: 17    God:    Uskayaw [**....]
Gold:   768        SH: 15    Dex: 15    Spells: 21/27 levels left

rFire   . . .        b - +2 flail (protect)
rCold   . . .        J - +0 kite shield
rNeg    . . .        v - +0 troll leather armour
rPois   .            c - +1 hat
rElec   +            P - +1 cloak
rCorr   .            (gloves unavailable)
SInv    .            (boots unavailable)
Will    +....        q - amulet of Music {Acrobat rElec}
Stlth   +            k - +6 ring of strength
HPRegen 1.22/turn    d - +6 ring of dexterity
MPRegen 0.19/turn

%: acrobat
@: lethally poisoned (-5 -> -30), ice-armoured, under a protective aura,
studying Throwing
A: large, unfitting armour, tough skin 1, horns 1, large bone plates 1, clever 1
a: Renounce Religion, Stomp, Line Pass


You were on level 4 of the Lair of Beasts.
You worshipped Uskayaw.
Uskayaw was noncommittal.
You visited 4 branches of the dungeon, and saw 17 of its levels.

You collected 1063 gold pieces.
You spent 295 gold pieces at shops.

Inventory:

Hand Weapons
 a - a +0 war axe
 b - a +2 flail of protection (weapon)
 i - a +0 sling
 B - a +3 hand axe
 D - a +5 whip of freezing
 H - a +2 shortbow of freezing
 M - a +2 hand axe of freezing
 Q - a +2 flail of holy wrath
Missiles
 g - 2 throwing nets
 o - 9 poisoned darts (quivered)
 t - 4 boomerangs
Armour
 c - a +1 hat (worn)
 v - a +0 troll leather armour (worn)
 J - a +0 kite shield (worn)
 P - a +1 cloak (worn)
Magical Staves
 I - a staff of cold
Jewellery
 d - a +6 ring of dexterity (right hand)
 h - a ring of see invisible
 k - a +6 ring of strength (left hand)
 q - the amulet of Music (around neck) {Acrobat rElec}
   (You acquired it on level 5 of the Dungeon)

   [amulet of the acrobat]

   It increases your evasion while moving and waiting.
   rElec:     It insulates you from electricity.
 A - a ring of resist corrosion
 C - an amulet of reflection
Wands
 n - a wand of flame (2)
 u - a wand of paralysis (15)
 G - a wand of iceblast (4)
Scrolls
 j - 4 scrolls of identify
 p - 2 scrolls of silence
 s - 2 scrolls of magic mapping
 w - 2 scrolls of enchant weapon
 x - 2 scrolls of fog
 y - 6 scrolls of amnesia
 E - a scroll of immolation
 F - 3 scrolls of teleportation
Potions
 f - a potion of cancellation
 l - 4 potions of ambrosia
 m - a potion of heal wounds
 r - a potion of resistance
 z - 5 potions of brilliance
 K - 4 potions of curing
Miscellaneous
 e - a lightning rod (2/4)
 L - a phantom mirror


   Skills:
 + Level 11.6 Fighting
 + Level 9.2 Axes
 + Level 10.0 Throwing
 + Level 4.7 Armour
 + Level 8.5 Dodging
 + Level 7.8 Shields
 + Level 7.6 Spellcasting
 + Level 4.0 Hexes
 - Level 5.0 Ice Magic
 - Level 5.0 Invocations
 - Level 5.0 Evocations


You had 21 spell levels left.
You knew the following spells:

 Your Spells              Type           Power      Damage    Failure   Level
a - Ozocubu's Armour      Ice            23%        N/A       9%          3
b - Confusing Touch       Hex            20%        N/A       12%         3

Your spell library contained the following spells:

 Spells                   Type           Power      Damage    Failure   Level
 Kiss of Death            Conj/Necr      24%        2d7       22%         1
 Metabolic Englaciation   Hex/Ice        10%        N/A       67%         5
 Dispel Undead            Necr           6%         3d8       91%         4
 Iskenderun's Battlesphe  Conj           6%         2d6       99%         5
 Iron Shot                Conj/Erth      3%         9d2       100%        6
 Simulacrum               Ice/Necr       7%         N/A       100%        6
 Spellforged Servitor     Conj/Summ      3%         N/A       100%        7


Dungeon Overview and Level Annotations

Branches:
Dungeon (10/15)            Temple (1/1) D:6            Lair (5/5) D:8
  Swamp (0/4) Lair:3       Spider (0/4) Lair:3        Slime (0/5) Lair:4
    Orc (1/2) D:9

Altars:
Ashenzari
Cheibriados
Dithmenos
Elyvilon
Fedhas
Gozag
Hepliaklqana
Kikubaaqudgha
Makhleb
Nemelex Xobeh
Okawaru
Qazlal
Ru
Sif Muna
Trog
Uskayaw
Vehumet
Wu Jian
Xom
Yredelemnul
Zin
The Shining One

Shops:
D:5 ?   D:9 ([

Annotations:
Lair:4 1 runed translucent door, themargong's ghost, journeyman TeAE


Innate Abilities, Weirdness & Mutations

You are too large for most types of armour.
You have tough skin. (AC +1)
You have a pair of small horns on your head.
You are partially covered in large bone plates. (SH +4)
Your mind is acute. (Int +4, Str/Dex -1)


Message History

You block the cane toad's attack. The yak gores you but does no damage.
You closely miss the cane toad. Your headbutt misses the cane toad.
The cane toad is lightly wounded.
You feel very sick. You block the cane toad's attack.
The yak gores you but does no damage.
You completely miss the cane toad.
You headbutt the cane toad, but do no damage.
The cane toad is lightly wounded.
You feel sick. The cane toad barely misses you. The yak gores you!
* * * LOW HITPOINT WARNING * * *
The cane toad closely misses you.
You hit the cane toad but do no damage. Your headbutt misses the cane toad.
The cane toad is lightly wounded.
You feel sick. You block the yak's attack. The cane toad stings you.
* * * LOW HITPOINT WARNING * * *
You thump the cane toad!
The cane toad is heavily wounded.
You feel sick. You block the cane toad's attack. You block the yak's attack.
The cane toad barely misses you. The yak gores you.
* * * LOW HITPOINT WARNING * * *
You thump the yak! You headbutt the yak.
The yak is moderately wounded.
You feel sick. You block the cane toad's attack. The yak misses you.
You sock the yak!
The yak is heavily wounded.
You feel sick. The cane toad stings you.
* * * LOW HITPOINT WARNING * * *
You are more poisoned.
The cane toad poisons you! The yak barely misses you. The cane toad stings you.
* * * LOW HITPOINT WARNING * * *
You are lethally poisoned!
The cane toad poisons you!
You can now pass through a line of other dancers.
You closely miss the yak.
The yak is heavily wounded.
* * * LOW HITPOINT WARNING * * *
You feel extremely sick. You block the cane toad's attack.
You block the yak's attack. The cane toad stings you!
You die...

........................######...
...........P.P............## ###P
............P..............###.#P
..........#.#....................
........#.##.#...................
........#####..|.............##.#
........## ##..........##...#####
..###....# #.....F....##...##
.##W##...#####..@Y...####..#
##...##...# #......#####..#
#..?..##..## ##...#P###....##
⌠.?♣...+...# #..#####....#.#
#..!..##...# #...###......##
##...##...## ##.#..........###
.##⌠##....# #..#.#..........#
..###.....## ###.♣.#...(.....##
.........#.# #.)...#.#.......##


You could see a yak and a cane toad.

Vanquished Creatures
  3 hydras
  4 death yaks (Lair:3)
  An oklob plant (Lair:2)
  A cyclops (Orc:1)
  2 black mambas
  16 elephants
  An unseen horror (D:10)
  6 cane toads
  8 komodo dragons
  4 rime drakes
  2 polar bears
  2 trolls (D:9)
  A hornet (D:9)
  22 blink frogs
  30 yaks
  Eustachio (D:4)
  3 wyverns
  2 steam dragons (D:7)
  3 basilisks
  2 wargs (Orc:1)
  4 swamp worms (Lair:3)
  13 water moccasins
  2 ice beasts
  2 black bears (D:8)
  3 sky beasts
  6 orc warriors
  2 ogres
  13 wolves
  3 centaurs
  A phantom (D:4)
  3 kobold brigands
  18 bullfrogs
  2 gnoll sergeants
  4 scorpions
  5 wights (D:7)
  11 killer bees
  An electric eel (D:10)
  5 howler monkeys
  2 hounds (D:5)
  A jelly (D:4)
  6 orc priests
  A gnoll bouda (D:6)
  2 sleepcaps
  4 iguanas
  10 orc wizards
  4 hell rats (Lair:2)
  Robin (D:4)
  23 gnolls
  7 adders
  A shadow imp (D:6)
  4 ufetubi
  A worm (D:2)
  2 dart slugs
  30 orcs
  8 endoplasms (D:4)
  A giant cockroach (D:2)
  11 goblins
  9 hobgoblins
  5 quokkas
  A ball python (D:1)
  2 bats
  2 frilled lizards
  21 kobolds
  23 rats
  A rat zombie (D:3)
395 creatures vanquished.

Vanquished Creatures (others)
  61 fungi
  67 plants
  27 toadstools
155 creatures vanquished.

Grand Total: 550 creatures vanquished

Notes
Turn   | Place    | Note
-------+----------+-------------------------------------------
     0 | D:1      | Lobster4 the Ogre Gladiator began the quest for the Orb.
     0 | D:1      | Reached XP level 1. HP: 22/22 MP: 1/1
   109 | D:1      | You fall into a shaft and drop 1 floor!
   186 | D:2      | Reached XP level 2. HP: 29/29 MP: 2/2
   251 | D:1      | Reached skill level 3 in Fighting
  1196 | D:2      | Reached XP level 3. HP: 21/37 MP: 3/3
  1201 | D:2      | Gained mutation: You are partially covered in large bone
                  | plates. (SH +4) [potion of mutation]
  1201 | D:2      | Gained mutation: Your mind is acute. (Int +4, Str/Dex -1)
                  | [potion of mutation]
  1201 | D:2      | Gained mutation: You have a pair of small horns on your
                  | head. [potion of mutation]
  1714 | D:3      | Found a faded altar of an unknown god.
  2247 | D:3      | Reached XP level 4. HP: 39/45 MP: 4/4
  2381 | D:3      | Found an ancient bone altar of Kikubaaqudgha.
  2513 | D:4      | Noticed a bullfrog
  2528 | D:3      | Killed a bullfrog
  2529 | D:3      | Reached skill level 1 in Spellcasting
  2529 | D:3      | Reached XP level 5. HP: 44/54 MP: 4/6
  2640 | D:4      | Noticed Eustachio
  2736 | D:4      | Reached skill level 1 in Ice Magic
  2800 | D:4      | Reached skill level 4 in Fighting
  2844 | D:4      | Noticed a phantom
  2853 | D:4      | Killed a phantom
  3004 | D:4      | Reached XP level 6. HP: 37/62 MP: 8/8
  3102 | D:4      | Learned a level 3 spell: Ozocubu's Armour
  3114 | D:5      | Entered Level 5 of the Dungeon
  3167 | D:5      | Found Dattam's Magic Scroll Emporium.
  3170 | D:5      | Bought a scroll of noise for 10 gold pieces
  3173 | D:5      | Bought a scroll of magic mapping for 75 gold pieces
  3225 | D:5      | Noticed an ice beast
  3267 | D:4      | Killed Eustachio
  3373 | D:4      | Noticed Robin
  3397 | D:4      | Killed Robin
  3736 | D:4      | Reached XP level 7. HP: 69/71 MP: 10/10
  4301 | D:5      | Reached skill level 5 in Fighting
  4711 | D:5      | Found a glowing silver altar of Zin.
  5004 | D:5      | Found a sparkling altar of Nemelex Xobeh.
  5004 | D:5      | Found a snail-covered altar of Cheibriados.
  5245 | D:5      | Reached XP level 8. HP: 54/81 MP: 12/12
  5692 | D:6      | Reached skill level 5 in Axes
  5714 | D:6      | Reached skill level 1 in Shields
  6363 | D:6      | Reached skill level 6 in Fighting
  6419 | D:6      | Found a staircase to the Ecumenical Temple.
  6441 | Temple   | Entered the Ecumenical Temple
  6535 | Temple   | Became a worshipper of Uskayaw the Reveller
  6584 | D:6      | Reached * piety under Uskayaw
  6718 | D:6      | Reached ** piety under Uskayaw
  6722 | D:6      | Reached *** piety under Uskayaw
  6723 | D:6      | Reached skill level 1 in Evocations
  6888 | D:6      | HP: 4/83 [gnoll sergeant/+0 trident (15)]
  7448 | D:5      | Bought a scroll of enchant armour for 75 gold pieces
  7448 | D:5      | Bought a scroll of enchant weapon for 75 gold pieces
  7448 | D:5      | Bought a scroll of identify for 20 gold pieces
  7449 | D:5      | Bought a scroll of identify for 20 gold pieces
  7449 | D:5      | Bought a scroll of identify for 20 gold pieces
  7453 | D:5      | Identified a scroll of acquirement
  7454 | D:5      | Acquired the amulet of Music {Acrobat rElec}
  7524 | D:7      | Reached skill level 1 in Invocations
  7524 | D:7      | Reached XP level 9. HP: 61/92 MP: 13/13
  7652 | D:7      | Reached skill level 5 in Throwing
  7652 | D:7      | Reached skill level 5 in Dodging
  7886 | D:7      | Reached **** piety under Uskayaw
  7889 | D:7      | Reached ***** piety under Uskayaw
  8154 | D:7      | Reached skill level 7 in Fighting
  8207 | D:7      | Found a sacrificial altar of Ru.
  9148 | D:7      | Reached XP level 10. HP: 84/102 MP: 14/14
 10788 | D:8      | Found a staircase to the Lair.
 10837 | D:8      | Reached skill level 8 in Fighting
 11110 | D:9      | Reached skill level 5 in Ice Magic
 11673 | D:9      | Found Zoleov's Weapon Boutique.
 11703 | D:9      | Found a staircase to the Orcish Mines.
 11707 | D:9      | Found Oschoe's Armour Boutique.
 11758 | D:9      | Reached XP level 11. HP: 94/113 MP: 14/16
 12253 | D:10     | Entered Level 10 of the Dungeon
 12288 | D:10     | Reached skill level 5 in Shields
 12425 | D:10     | Reached skill level 5 in Invocations
 12834 | Orc:1    | Entered Level 1 of the Orcish Mines
 12855 | Orc:1    | Reached skill level 1 in Armour
 12878 | Orc:1    | Reached skill level 9 in Fighting
 12887 | Orc:1    | Noticed a cyclops
 12912 | Orc:1    | Killed a cyclops
 12930 | Orc:1    | Noticed an orc high priest
 12999 | Lair:1   | Entered Level 1 of the Lair of Beasts
 13125 | Lair:1   | Reached skill level 5 in Spellcasting
 13625 | Lair:1   | Reached XP level 12. HP: 126/126 MP: 20/20
 13723 | Lair:1   | Reached ****** piety under Uskayaw
 13834 | Lair:1   | Reached skill level 10 in Fighting
 14150 | Lair:1   | Learned a level 3 spell: Confusing Touch
 14620 | Lair:2   | Acquired a manual of Throwing
 14647 | Lair:2   | Reached skill level 1 in Hexes
 14961 | Lair:2   | Found a blossoming altar of Fedhas.
 15741 | Lair:3   | Noticed a death yak
 15741 | Lair:3   | Noticed a death yak
 15741 | Lair:3   | Noticed a death yak
 15772 | Lair:3   | Killed a death yak
 15865 | Lair:3   | Killed a death yak
 15896 | Lair:3   | Noticed a death yak
 15922 | Lair:3   | Killed a death yak
 15936 | Lair:3   | Killed a death yak
 15937 | Lair:3   | Reached XP level 13. HP: 58/136 MP: 23/23
 16266 | Lair:3   | Reached skill level 11 in Fighting
 16632 | Lair:3   | Found a hole to the Spider Nest.
 16841 | Lair:3   | Found a staircase to the Swamp.
 17822 | Lair:4   | Found a runed translucent door.
 17822 | Lair:4   | Noticed themargong's ghost (journeyman TeAE)
 18044 | Lair:4   | Reached skill level 5 in Evocations
 18391 | Lair:4   | Found a staircase to the Slime Pits.
 18790 | Lair:5   | Entered Level 5 of the Lair of Beasts
 18977 | Lair:4   | Reached skill level 10 in Throwing
 19197 | Lair:4   | HP: 6/137 [poisoned by a cane toad]
 19197 | Lair:4   | Slain by a cane toad

Illustrated notes

Levels and vault maps discovered:
D:1:      mrwooster_arrival_statue, layout_basic, nrook_campfire,
          kennysheep_small_spiral, chequers_garden, minmay_misc_feat_cross
D:2:      layout_basic
D:3:      layout_basic, lemuel_zombie_altar_kikubaaqudgha,
          shapermc_ecumenical_altar_starsandcircs
D:4:      cheibrodos_fertilizer, layout_rooms, minmay_rat_hole, uniq_robin,
          uniq_eustachio
D:5:      layout_basic, mainiacjoe_overflow_surrounded_room,
          chequers_temple_overflow_statue_of_worship, serial_shops,
          nicolae_shop_real_fake_doors, kennysheep_pointless_box, nicolae_titane
D:6:      layout_loops_ring, minmay_temple_entry_glass
D:7:      layout_loops_corners, hellmonk_bongcloud_opening,
          minmay_misc_feat_nine_boxes, minmay_misc_feat_square,
          minmay_ruined_shrine
D:8:      layout_cave_pools, due_lair_maze_entry_diamond, dreamdust_wishing_well
D:9:      layout_loops_corners, orc_david_3
D:10:     layout_basic, minmay_splitting_lines
Temple:   compressed_dpeg_circular_temple
Lair:1:   layout_regular_city
Lair:2:   layout_cave_shapes, tgw_fedhas, lemuel_fruit_fields,
          grunt_megastairs_3, infiniplex_staircase_pool_2
Lair:3:   layout_layer_cave, palyth_hydra_swamp_entry, dummy_spider_entry
Lair:4:   layout_cave_pods, dpeg_slime_entry_corner,
          hellmonk_ghost_happy_afterlife, grunt_megastairs_5
Lair:5:   hangedman_lair_in_review, layout_misc_corridors, wormcave,
          gauntlet_entry_generic, cheibrodos_lair_lostbears
Orc:1:    giant_chief_lemuel, layout_caves, basic_altar, mines1_david,
          uniq_fannar

Skill      XL: |  1  2  3  4  5  6  7  8  9 10 11 12 13 |
---------------+----------------------------------------+-----
Fighting       | 3 4 5 6 7 8 9 10 11 | 11.6
Dodging        | 3 4 5 6 7 8 |  8.5
Spellcasting   | 1 2 3 5 6 7 |  7.6
Ice Magic      | 1 2 3 4 5 |  5.0
Throwing       | 3 4 5 6 7 8 10 | 10.0
Axes           | 4 5 6 7 8 9 |  9.2
Shields        | 2 3 4 6 7 |  7.8
Evocations     | 1 2 3 4 5 |  5.0
Invocations    | 1 3 4 5 |  5.0
Armour         | 2 3 4 |  4.7
Hexes          | 2 4 |  4.0

Action                     |  1- 3 |  4- 6 |  7- 9 | 10-12 | 13-15 || total
---------------------------+-------+-------+-------+-------+-------++-------
  Melee: War axe           |    84 |    91 |       |    36 |    75 ||   286
         Headbutt          |       |    18 |    57 |   213 |   114 ||   402
         Whip              |       |    24 |   181 |       |       ||   205
         Punch             |       |       |     5 |       |       ||     5
         Flail             |       |       |   116 |   799 |   292 ||  1207
  Throw: Throwing net      |     3 |     2 |     2 |       |       ||     7
         Dart              |       |     6 |    43 |   120 |     7 ||   176
         Boomerang         |       |     2 |    37 |    16 |       ||    55
         Large rock        |       |       |     4 |     2 |       ||     6
         Stone             |       |       |       |     2 |       ||     2
   Cast: Ozocubu's Armour  |       |       |     3 |    37 |    28 ||    68
         Confusing Touch   |       |       |       |     1 |       ||     1
  Evoke: Wand              |       |       |     1 |     4 |     6 ||    11
         Lightning rod     |       |       |       |       |     2 ||     2
    Use: Potion            |     5 |       |     5 |     1 |     1 ||    12
         Scroll            |     3 |     3 |     6 |     8 |     4 ||    24
   Stab: Paralysed         |       |       |    15 |    36 |    28 ||    79
 Armour: Robe              |    18 |    21 |       |       |       ||    39
         Skin              |    12 |       |     6 |       |       ||    18
         Animal skin       |       |       |    54 |    82 |       ||   136
         Troll leather arm |       |       |       |   255 |   182 ||   437
  Dodge: Dodged            |    49 |    90 |   153 |   524 |   195 ||  1011
  Block: Other             |     3 |    28 |    68 |    33 |       ||   132
         Kite shield       |       |       |       |   604 |   368 ||   972

Table legend: (Time is in decaauts)
 A = Elapsed time spent in this place.
 B = Non-inter-level travel time spent in this place.
 C = Inter-level travel time spent in this place.
 D = Time resting spent in this place.
 E = Time spent auto-exploring this place.
 F = Levels seen in this place.
 G = Mean time per level.
                   A        B        C        D        E       F      G
               +--------+--------+--------+--------+--------+-----+--------+
         Total |  19567 |  18466 |   1101 |   2899 |  10729 |  17 | 1151.0 |
       Dungeon |  13019 |  12223 |    796 |   2505 |   6999 |  10 | 1301.9 |
        Temple |    122 |     95 |     27 |      0 |     58 |   1 |  122.0 |
          Lair |   6342 |   6064 |    278 |    393 |   3672 |   5 | 1268.4 |
  Orcish Mines |     83 |     83 |      0 |      0 |      0 |   1 |   83.0 |
               +--------+--------+--------+--------+--------+-----+--------+

Top non-repeatable levels by time:
     D:7: 2715 daAuts
  Lair:3: 2259 daAuts
     D:5: 1907 daAuts
     D:4: 1581 daAuts
     D:6: 1406 daAuts
  Lair:4: 1379 daAuts
     D:9: 1321 daAuts
  Lair:1: 1310 daAuts
  Lair:2: 1275 daAuts
     D:8: 957 daAuts
     D:2: 915 daAuts
     D:3: 874 daAuts
     D:1: 739 daAuts
    D:10: 599 daAuts
  Temple: 122 daAuts
